 Dungeon Crawl Stone Soup version 0.20.1-1-g8b1a95d (webtiles) character file.

125 slep the Skirmisher (level 4, 0/37 HPs)
             Began as a Demonspawn Abyssal Knight on Oct 26, 2017.
             Was a Believer of Lugonu.
             Slain by an orc wizard
             ... wielding a +0 dagger
              (2 damage)
             ... on level 3 of the Dungeon.
             The game lasted 00:10:37 (1883 turns).

slep the Skirmisher (Demonspawn Abyssal Knight)     Turns: 1883, Time: 00:10:38

Health: 0/37       AC: 11    Str: 12    XL:     4   Next: 82%
Magic:  6/6        EV:  5    Int: 14    God:    Lugonu [**....]
Gold:   141        SH:  0    Dex: 13    Spells: 3/3 levels left

rFire    . . .     SeeInvis .   a - +1 falchion
rCold    + . .     Gourm    .   (no shield)
rNeg     . . .     Faith    .   m - +2 chain mail {rPois}
rPois    +         Spirit   .   (no helmet)
rElec    .         Reflect  .   (no cloak)
rCorr    .         Harm     .   (no gloves)
MR       .....                  t - +0 pair of boots
Stlth    ..........             (no amulet)
Regen    0.2/turn               (no ring)
MPRegen  0.1/turn               (no ring)

@: drained
A: hooves 1, cold resistance 1
a: Depart the Abyss, Bend Space, Renounce Religion


You were on level 3 of the Dungeon.
You worshipped Lugonu.
Lugonu was pleased with you.
You were hungry.

You visited 1 branch of the dungeon, and saw 3 of its levels.
You visited the Abyss 1 time.

You collected 141 gold pieces.

Inventory:

Hand Weapons
 a - a +1 falchion (weapon)
 s - a +0 hand axe of flaming
Armour
 b - a +0 leather armour
 m - a +2 chain mail of poison resistance (worn)
 t - a +0 pair of boots (worn)
Jewellery
 k - a +2 ring of evasion {unknown}
Scrolls
 i - a scroll of recharging {unknown}
 n - a scroll of remove curse {unknown}
 r - a scroll of identify {unknown}
 u - a scroll of enchant armour {unknown}
 y - a scroll of immolation {unknown}
Potions
 d - a potion of degeneration {unknown}
 e - a potion of haste {unknown}
 f - a potion of lignification {unknown}
 g - a potion of might {unknown}
 l - 2 potions of flight {unknown}
 o - 2 potions of curing {unknown}
 p - a potion of heal wounds {unknown}
 v - a potion of magic {unknown}
 w - 2 potions of mutation {unknown}
 x - a potion of brilliance {unknown}
 z - a potion of ambrosia {unknown}
Comestibles
 c - 6 bread rations
 h - 6 fruits
 j - a royal jelly
 q - a meat ration


   Skills:
 + Level 4.0(3.0) Fighting
 + Level 3.1(2.1) Long Blades
 + Level 2.4(1.4) Armour
 + Level 1.1(0.2) Dodging
 + Level 0.2(0.0) Stealth
 + Level 2.7(1.7) Invocations


You had 3 spell levels left.
You didn't know any spells.

Dungeon Overview and Level Annotations

Branches:
Dungeon (3/15)

Altars:
Cheibriados
Gozag
Yredelemnul
Zin


Innate Abilities, Weirdness & Mutations

You have large cloven feet.
Your flesh is cold resistant. (rC+)


Message History

The orc wizard hits you but does no damage.
The orc wizard mumbles some strange words.
The orc wizard blinks!
The orc barely misses you.
You bump into the rock wall.
You feel less confused. The orc hits you with a war axe.
The orc wizard hits you but does no damage.
You hit the orc wizard.
The orc wizard is heavily wounded.
The orc hits you with a flail of draining.
You feel drained. The orc hits you but does no damage.
The orc wizard hits you but does no damage.
You closely miss the orc wizard.
The orc wizard is heavily wounded.
The orc hits you with a flail of draining!
* * * LOW HITPOINT WARNING * * *
You feel drained.
* * * LOW HITPOINT WARNING * * *
The orc wizard hits you with a dagger.
You die... .# .# #. ..# .. ... #. ###.# #. ##@..# #. #oooo#

#.####.l..#
#.oo((.##.#
##.l#####
... #..(#
..## #.#.#
.. #..#o.
##. #..
#ยง.#


You could see 2 orc wizards, 2 orcs and a leopard gecko.

Vanquished Creatures
  5 adders
  An ooze (D:2)
  2 worms
  2 dart slugs
  2 leopard geckos
  2 ball pythons (D:1)
  2 giant cockroaches (D:2)
  13 goblins
  9 hobgoblins
  2 quokkas (D:2)
  5 bats
  4 frilled lizards
  3 kobolds
  7 rats
59 creatures vanquished.

Notes
Turn   | Place    | Note
-------+----------+-------------------------------------------
     0 | Abyss:1  | slep the Demonspawn Abyssal Knight began the quest for the Orb.
     0 | Abyss:1  | Reached XP level 1. HP: 18/18 MP: 2/2
    65 | Abyss:1  | Noticed a worldbinder
   114 | Abyss:1  | Found a corrupted altar of Lugonu.
   188 | D:1      | Escaped the Abyss
   303 | D:1      | Gained mutation: You have large cloven feet. [demonic ancestry]
   303 | D:1      | Reached XP level 2. HP: 19/24 MP: 3/3
   563 | D:1      | Reached * piety under Lugonu
   809 | D:1      | Gained mutation: Your flesh is cold resistant. (rC+) [demonic ancestry]
   809 | D:1      | Reached XP level 3. HP: 28/30 MP: 5/5
  1154 | D:2      | Reached skill level 4 in Fighting
  1195 | D:2      | Reached XP level 4. HP: 14/37 MP: 6/6
  1245 | D:2      | Found a snail-covered altar of Cheibriados.
  1260 | D:2      | Reached skill level 1 in Dodging
  1266 | D:2      | Reached ** piety under Lugonu
  1482 | D:2      | Found a basalt altar of Yredelemnul.
  1601 | D:2      | Found a glowing silver altar of Zin.
  1601 | D:2      | Found an opulent altar of Gozag.
  1883 | D:3      | Slain by an orc wizard

Skill      XL: |  1  2  3  4 |
---------------+-------------+-----
Long Blades    | 2 3 |  3.1
Armour         | 2 |  2.4
Fighting       | 4 |  4.0
Dodging        | 1 |  1.1
Stealth        | |  0.2
Invocations    | |  2.7

Action                   |  1- 3 |  4- 6 || total
-------------------------+-------+-------++-------
Melee: Falchion          |   102 |   121 ||   223
       Kick              |     9 |       ||     9
Invok: Depart the Abyss  |     1 |       ||     1
  Eat: Chunk             |       |     3 ||     3
Armor: Leather armour    |    11 |       ||    11
       Chain mail        |    86 |   110 ||   196
Dodge: Dodged            |    47 |    35 ||    82
       Rpst.: Falchion   |    14 |    14 ||    28
